 Dungeon Crawl Stone Soup version 0.17.1-3-g152610e (webtiles) character file.

377 dearth the Cudgeler (level 6, -1/56 HPs)
             Began as a Minotaur Fighter on Feb 20, 2016.
             Slain by a gnoll
             ... wielding a +0 halberd
              (8 damage)
             ... on level 3 of the Dungeon.
             The game lasted 00:06:37 (2549 turns).

dearth the Cudgeler (Minotaur Fighter)              Turns: 2549, Time: 00:06:37

Health: -1/56      AC:  7    Str: 22    XL:     6   Next: 45%
Magic:  5/5        EV:  7    Int:  5    God:
Gold:   81         SH: 10    Dex: 10    Spells: 0 memorised, 5 levels left

rFire  . . .     SeeInvis .     a - +0 flail
rCold  . . .     Clarity  .     b - +0 scale mail
rNeg   . . .     SustAt   .     c - +0 shield
rPois  .         Gourm    .     (helmet restricted)
rElec  .         Spirit   .     (no cloak)
rCorr  .         Warding  .     (no gloves)
rMut   .         Stasis   +     (no boots)
MR     .....                    m - amulet of stasis
Stlth  ..........               (no ring)
                                (no ring)

@: not resistant to hostile enchantments, extremely unstealthy
A: retaliatory headbutt, horns 2
a: no special abilities


You were on level 3 of the Dungeon.
You were very full.

You visited 1 branch of the dungeon, and saw 3 of its levels.

You collected 81 gold pieces.

Inventory:

Hand Weapons
 a - a +0 flail (weapon)
Armour
 b - a +0 scale mail (worn)
 c - a +0 shield (worn)
Jewellery
 m - an amulet of stasis (around neck)
 u - a cursed ring of loudness {unknown}
Scrolls
 d - 2 scrolls of remove curse {unknown}
 i - 4 scrolls of identify {unknown}
 o - a scroll of fear {unknown}
 p - a scroll of immolation {unknown}
 r - 3 scrolls of enchant weapon {unknown}
 t - a scroll of noise {unknown}
 v - a scroll of teleportation {unknown}
Potions
 f - 3 potions of lignification {unknown}
 g - a potion of cancellation {unknown}
 h - a potion of degeneration {unknown}
 j - 2 potions of heal wounds {unknown}
 l - 2 potions of curing {unknown}
 q - a potion of magic {unknown}
 s - a potion of ambrosia {unknown}
Books
 n - a book of Necromancy

   Spells                             Type                      Level
   a - Pain                           Necromancy                   1
   b - Animate Skeleton               Necromancy                   1
   c - Vampiric Draining              Necromancy                   3
   d - Regeneration                   Charms/Necromancy            3
   e - Animate Dead                   Necromancy                   4
   f - Control Undead                 Necromancy                   4
Comestibles
 e - 2 bread rations
 k - 2 meat rations


   Skills:
 + Level 5.0 Fighting
 * Level 5.9 Maces & Flails
 + Level 4.8 Armour
 + Level 4.9 Shields


You had 5 spell levels left.
You didn't know any spells.

Dungeon Overview and Level Annotations

Branches:
Dungeon (3/15)

Altars:
Makhleb
Sif Muna
Trog
Zin


Innate Abilities, Weirdness & Mutations

You reflexively headbutt those who attack you in melee.
You have a pair of horns on your head.


Message History

You hit the gnoll but do no damage.
You headbutt the gnoll, but do no damage.
The gnoll barely misses you.
You hit the gnoll.
The gnoll is lightly wounded.
You block the gnoll's attack.
You closely miss the gnoll. Your headbutt misses the gnoll.
The gnoll is lightly wounded.
The gnoll hits you with a halberd.
* * * LOW HITPOINT WARNING * * *
You barely miss the gnoll.
The gnoll is lightly wounded.
You block the gnoll's attack.
You completely miss the gnoll.
The gnoll is lightly wounded.
The gnoll closely misses you.
You hit the gnoll but do no damage. Your headbutt misses the gnoll.
The gnoll is lightly wounded.
The gnoll hits you with a halberd!
You die...

#........# #.# #.......
####........# #.#
#....... ........#####
#.# #...#.## #######.#
#####.# #.# #######.##
#.# .......... # #)# #
####......
#.#.#####.#.... #......
#......@g...... #.....<
###.######.<######.....)
...# ..........). #####
#######..... .........
####..... ######


You could see a gnoll.

Vanquished Creatures
  Sigmund (D:3)
  The ghost of dearth the Shield-Bearer, an amateur MiFi (D:3)
  Robin (D:3)
  2 gnolls (D:3)
  4 adders
  3 worms
  2 giant geckos (D:2)
  5 bats
  3 giant cockroaches (D:2)
  8 hobgoblins
  4 jackals (D:2)
  A quokka (D:2)
  2 ball pythons
  2 giant newts
  10 goblins
  2 kobolds (D:2)
  8 rats (D:2)
59 creatures vanquished.

Vanquished Creatures (others)
  A goblin (D:3)
1 creature vanquished.

Grand Total: 60 creatures vanquished

Notes
Turn   | Place    | Note
--------------------------------------------------------------
     0 | D:1      | dearth the Minotaur Fighter began the quest for the Orb.
     0 | D:1      | Reached XP level 1. HP: 19/19 MP: 0/0
   508 | D:1      | Reached XP level 2. HP: 27/27 MP: 1/1
   930 | D:2      | Reached skill level 4 in Shields
   958 | D:2      | Reached XP level 3. HP: 23/33 MP: 2/2
  1117 | D:2      | Noticed a moth of wrath
  1120 | D:2      | Found a bloodstained altar of Trog.
  1815 | D:3      | Noticed Robin
  2035 | D:3      | Killed Robin
  2035 | D:3      | Reached XP level 4. HP: 32/40 MP: 3/3
  2055 | D:3      | Found a deep blue altar of Sif Muna.
  2089 | D:3      | Noticed dearth's ghost (amateur MiFi)
  2120 | D:3      | Killed dearth's ghost
  2120 | D:3      | Reached XP level 5. HP: 34/47 MP: 4/4
  2149 | D:3      | Reached skill level 5 in Maces & Flails
  2237 | D:3      | Found a burning altar of Makhleb.
  2328 | D:3      | Found a glowing silver altar of Zin.
  2328 | D:3      | Noticed an angel
  2502 | D:3      | Noticed Sigmund
  2527 | D:3      | Killed Sigmund
  2527 | D:3      | Reached skill level 5 in Fighting
  2527 | D:3      | Reached XP level 6. HP: 28/56 MP: 5/5
  2549 | D:3      | Slain by a gnoll

Action                   |  1- 3 |  4- 6 || total
-------------------------+-------+-------++-------
Melee: Flail             |   114 |    46 ||   160
  Use: Potion            |       |     1 ||     1
  Eat: Chunk             |     2 |       ||     2
       Meat ration       |     1 |       ||     1
       Bread ration      |     1 |       ||     1
